[Event "*** Titled Tuesday Blitz"]
[Site "Chess.com"]
[Date "2020.04.14"]
[Round "1"]
[White "Mischuk_D"]
[Black "ErikRonka"]
[Result "0-1"]
[WhiteElo "2698"]
[BlackElo "2384"]
[TimeControl "180+1"]
[EndTime "10:07:10 PDT"]
[Termination "ErikRonka won by resignation"]

1. d4 d5 2. Bf4 c5 3. e3 Nc6 4. Nd2 cxd4 5. exd4 Nxd4 6. Ngf3 Nc6 7. c4 d4 8. a3 g6 9. Bd3 Bg7 10. O-O Nf6 11. b4 O-O 12. Re1 Nh5 13. Bg5 h6 14. Bh4 Nf4 15. Bf1 Bf5 16. Nb3 d3 17. Ra2 g5 18.
Bg3 Re8 19. Bxf4 gxf4 20. Nc5 e5 21. Nxb7 Qc7 22. Nc5 Rad8 23. Nd2 Bg6 24. f3 a5 25. b5 Nd4 26. Na6 Qb6 27. Kh1 Nc2 28. Rxc2 dxc2 29. Qc1 Qf2 30. Re2 Rxd2 31. Rxd2 Qe3 32. Rxc2 Bxc2 33. Qxc2 Rd8 34. h3 Rd2 35. Qe4 Qf2 36. Qa8+ Bf8 37. Qa7 Qxf1+ 38. Qg1 Qxc4 39. a4 Qd3 40.
Kh2 Rd1 41. Qf2 Qb1 42. g4 Rh1+ 43. Kg2 Rc1 44. Nb8 Rc2 45. Nc6 Rxf2+ 46. Kxf2 Qa2+ 47. Ke1 Qxa4 48. Nxe5 Qxb5 49. Nd3 a4 50. Kd2 a3 51. Nc1 Qb2+ 52. Kd1 a2 53. Nxa2 Qxa2 54. h4 Bb4 55.
Kc1 Qd2+ 56. Kb1 Ba3 0-1

[Event "*** Titled Tuesday Blitz"]
[Site "Chess.com"]
[Date "2020.04.14"]
[Round "1"]
[White "Spriteball"]
[Black "iulik86"]
[Result "0-1"]
[WhiteElo "1904"]
[BlackElo "2520"]
[TimeControl "180+1"]
[EndTime "10:07:10 PDT"]
[Termination "iulik86 won by resignation"]

1. d4 Nf6 2. c4 e6 3. g3 c5 4. Nf3 cxd4 5. Nxd4 Nc6 6. Bg2 Qb6 7. Nb3 Be7 8. O-O O-O 9. Nc3 a6 10. Be3 Qc7 11. Qd2 Ne5 12. Bf4 d6 13. Bxe5 dxe5 14. Rac1 Bd7 15. Ne4 Nxe4 16. Bxe4 f5 17. Bg2 e4 18. Rfd1 Ba4 19. Qc3 Rac8 20. f3 Bf6 21. Qb4 Bc6 22. fxe4 fxe4 23. Nd4 Qe5 24. e3 Bg5 25.
Qc3 Be8 26. Rf1 Bg6 27. Bh3 Rfe8 28. b3 b5 29. Nxe6 Qxc3 30. Rxc3 Bf6 31. Rcc1 bxc4 32. Rxc4 Rxc4 33. bxc4 Bf7 34. Nf4 Bxc4 35. Nh5 Bxf1 36.
Nxf6+ gxf6 37. Bxf1 a5 38. Kf2 Kg7 39. Be2 Rc8 40. h4 Rc2 41. a4 Ra2 0-1

[Event "*** Titled Tuesday Blitz"]
[Site "Chess.com"]
[Date "2020.04.14"]
[Round "1"]
[White "PchelkinVK"]
[Black "Gareth-Bale11"]
[Result "1-0"]
[WhiteElo "2467"]
[BlackElo "2806"]
[TimeControl "180+1"]
[EndTime "10:07:12 PDT"]
[Termination "PchelkinVK won by checkmate"]

1. d4 Nf6 2. Nc3 d5 3. Bf4 Bf5 4. Nf3 e6 5. e3 Bb4 6. Bd3 Ne4 7. Bxe4 Bxe4 8. O-O Bf5 9. Ne2 Nd7 10. Rc1 Be7 11.
c4 c6 12. c5 O-O 13. Nc3 b6 14. b4 a5 15. b5 Qc8 16. cxb6 Nxb6 17. Ne5 cxb5 18.
Nxb5 Nc4 19. Nxc4 dxc4 20. Bd6 Bxd6 21. Nxd6 Qc6 22. Nxf5 exf5 23. Qc2 f4 24. Qxc4 Qf6 25. Qc6 Qg5 26. Rc5 Qg4 27. Qe4 Rad8 28. Rf5 Rfe8 29.
Qxf4 Qg6 30. h4 Rc8 31. Rxa5 h6 32. Ra7 Rc2 33. a4 Re4 34. Qb8+ Kh7 35. Ra8 Qc6 36. h5 Rxe3 37. Qh8# 1-0

[Event "*** Titled Tuesday Blitz"]
[Site "Chess.com"]
[Date "2020.04.14"]
[Round "1"]
[White "Zajdanek"]
[Black "giantslayer83"]
[Result "0-1"]
[WhiteElo "2376"]
[BlackElo "2723"]
[TimeControl "180+1"]
[EndTime "10:07:12 PDT"]
[Termination "giantslayer83 won by resignation"]

1. e4 e5 2. Nf3 Nc6 3. Bb5 a6 4. Bxc6 dxc6 5. Nc3 f6 6. d4 exd4 7. Nxd4 c5 8. Nde2 Qxd1+ 9. Nxd1 Bd7 10. Bf4 O-O-O 11. Ne3 Be6 12. b3 Ne7 13. Rd1 Rxd1+ 14. Kxd1 Nc6 15. f3 Bd6 16. Bxd6 Rd8 17. Kc1 Rxd6 18.
Rd1 Nd4 19. Nf4 Kd7 20. c3 Nb5 21. Rxd6+ cxd6 22. Kd2 Nc7 23. Nh5 Ne8 24. g4 g6 25.
Nf4 Bf7 26. Nfd5 b5 27. h4 h6 28. c4 b4 29. f4 a5 30. Nf1 Bxd5 31. cxd5 f5 32.
exf5 gxf5 33. g5 hxg5 34. fxg5 Nc7 35. Ne3 f4 36. Nf5 Nxd5 37. h5 Ne7 38. h6 Ng6 39. h7 Ke6 40. Nh4 Nh8 41. g6 Kf6 42. Kd3 d5 43.
Ke2 c4 44. bxc4 dxc4 45. Kd2 a4 46. Kc2 a3 47. Kd2 b3 48. axb3 a2 0-1

[Event "*** Titled Tuesday Blitz"]
[Site "Chess.com"]
[Date "2020.04.14"]
[Round "1"]
[White "JLRHei"]
[Black "BogdanDeac"]
[Result "0-1"]
[WhiteElo "2375"]
[BlackElo "2720"]
[TimeControl "180+1"]
[EndTime "10:07:12 PDT"]
[Termination "BogdanDeac won by checkmate"]

1. d4 Nf6 2. c4 e6 3. Nf3 d5 4. g3 dxc4 5. Bg2 a6 6. O-O Nc6 7. a4 Rb8 8. Nc3 b5 9. axb5 axb5 10. Ne5 Nxe5 11. dxe5 Nd7 12. Qd4 Bc5 13. Qg4 O-O 14.
Bh6 g6 15. Bxf8 Qxf8 16. Qf4 Bb7 17. Ne4 Bxe4 18. Bxe4 Qg7 19. Ra5 Nxe5 20. Rc1 Bb6 21. Ra2 f5 22. Bg2 Rd8 23. h3 g5 24. Qf3 Nxf3+ 25.
exf3 Qd4 26. Rc2 Qd1+ 27. Kh2 Qxc2 28. b3 Qxa2 29. bxc4 Qb2 30. h4 Qxf2 31. hxg5 f4 32. g6 Qxg3+ 33. Kh1 Rd1+ 34. Bf1 Rxf1# 0-1

[Event "*** Titled Tuesday Blitz"]
[Site "Chess.com"]
[Date "2020.04.14"]
[Round "1"]
[White "josiwales"]
[Black "DonPreuss"]
[Result "1-0"]
[WhiteElo "2570"]
[BlackElo "2181"]
[TimeControl "180+1"]
[EndTime "10:07:12 PDT"]
[Termination "josiwales won on time"]

1. e4 Nc6 2. Nf3 e5 3. Bc4 Bc5 4. O-O d6 5. c3 Bg4 6. Re1 Na5 7. Bf1 Ne7 8. b4 Bxf2+ 9. Kxf2 Nac6 10. d3 O-O 11. h3 Bxf3 12. Qxf3 f5 13. Kg1 f4 14. b5 Nb8 15. d4 Nd7 16. Bc4+ Kh8 17. Ba3 Ng6 18.
Nd2 Qg5 19. Qf2 Rf6 20. Nf3 Qh5 21. Rad1 Raf8 22. Bb4 h6 23. a4 Kh7 24. a5 Nh8 25.
dxe5 Nxe5 26. Rd5 Nhg6 27. Be2 Ne7 28. Nxe5 Qg5 29. Ng4 Qg6 30. Nxf6+ Qxf6 31. Bd3 Kh8 32. e5 Qf7 33. e6 Qf6 34. Rd4 Qg5 35. Rf1 Ng6 36.
Bxg6 Qxg6 37. Rxf4 Rxf4 38. Qxf4 Qxe6 39. Qf8+ 1-0

[Event "*** Titled Tuesday Blitz"]
[Site "Chess.com"]
[Date "2020.04.14"]
[Round "1"]
[White "Ave_Mariia"]
[Black "Mourinho_Jose"]
[Result "1-0"]
[WhiteElo "2322"]
[BlackElo "2632"]
[TimeControl "180+1"]
[EndTime "10:07:13 PDT"]
[Termination "Ave_Mariia won by resignation"]

1. d4 d5 2. c4 e6 3. Nf3 Nf6 4. g3 dxc4 5. Bg2 Nc6 6. Qa4 Bb4+ 7. Bd2 Bd6 8. O-O O-O 9. Qxc4 e5 10. d5 Ne7 11. e4 a6 12. a4 Bd7 13. Nc3 Ne8 14.
Rfe1 h6 15. Rac1 Rb8 16. a5 Ng6 17. Na4 Qe7 18. Nc5 Bb5 19. Qc2 Nf6 20. Bf1 Bxf1 21. Kxf1 Nd7 22. b4 Qe8 23. Be3 Ne7 24. Nd2 f5 25. Ne6 f4 26. Bc5 Qh5 27. Kg1 fxg3 28. hxg3 Rf6 29. Bxd6 cxd6 30. Qc7 Qe8 31. Qxd6 Ng6 32.
Rc7 Ngf8 33. Nc4 Rc8 34. Nxe5 Rxc7 35. Qxc7 Nxe6 36. Qxd7 Qb8 37. Ng4 Rg6 38. dxe6 Rxg4 39. e7 Rxg3+ 40. Kf1 1-0

[Event "*** Titled Tuesday Blitz"]
[Site "Chess.com"]
[Date "2020.04.14"]
[Round "1"]
[White "mbojan"]
[Black "KetiTsatsalashvili"]
[Result "1-0"]
[WhiteElo "2589"]
[BlackElo "2221"]
[TimeControl "180+1"]
[EndTime "10:07:13 PDT"]
[Termination "mbojan won by checkmate"]

1. e4 c5 2. Nf3 d6 3. d4 cxd4 4.
Nxd4 Nf6 5. Nc3 Nc6 6. Be2 e5 7. Nf3 h6 8. O-O Be7 9. Re1 O-O 10. a3 Be6 11. Bf1 Rc8 12. Nd5 Bxd5 13. exd5 Nb8 14.
c4 Nbd7 15. g3 Nh7 16. b4 b6 17. Bb2 f5 18. Rc1 Bf6 19. Qd2 Ng5 20. Nxg5 hxg5 21. g4 g6 22. Bh3 f4 23. Bg2 Kg7 24. Be4 Rh8 25. f3 Rh6 26. Re2 Qe7 27. Rc2 Rhh8 28.
Qc1 Rh7 29. Qd2 Rhh8 30. Qd3 Rh6 31. Bc3 Rc7 32. Be1 Qd8 33. Bf2 Qc8 34. Kg2 Qd8 35.
Bg1 Qc8 36. Re1 Be7 37. Rec1 Kf7 38. Kh1 Kg7 39. Rc3 Kf7 40. Rd1 Kg7 41. Rd2 Kf7 42. Rc1 Kg7 43. Rdc2 Kf7 44. c5 bxc5 45.
bxc5 Nxc5 46. Bxc5 Rxc5 47. Rxc5 dxc5 48. d6 Bf6 49. Qc4+ Kg7 50. Rb1 Rh8 51. Rb7+ Kh6 52. Qf7 Qg8 53. Qxf6 Rh7 54. Rxh7+ Kxh7 55. d7 Qb8 56.
Qxg6+ Kh8 57. Qh7# 1-0

[Event "*** Titled Tuesday Blitz"]
[Site "Chess.com"]
[Date "2020.04.14"]
[Round "1"]
[White "Dynamikus"]
[Black "cukus"]
[Result "1-0"]
[WhiteElo "2747"]
[BlackElo "2389"]
[TimeControl "180+1"]
[EndTime "10:07:14 PDT"]
[Termination "Dynamikus won by checkmate"]

1. Nf3 c5 2. c4 Nf6 3. d4 cxd4 4. Nxd4 Nc6 5. Nc3 e6 6. a3 Bc5 7. Nb3 Be7 8. e4 b6 9. Be2 Bb7 10. O-O O-O 11. Be3 Rc8 12. f4 d6 13. Bf3 Qc7 14.
Rc1 Qb8 15. Qe2 Rfd8 16. g4 Bf8 17. g5 Nd7 18. h4 Ne7 19. h5 d5 20. cxd5 exd5 21.
exd5 Nf5 22. g6 Nc5 23. gxf7+ Kh8 24. Bxc5 bxc5 25. Qe5 Nd4 26. Nxd4 cxd4 27. Nb5 Bxd5 28. Rxc8 Qxc8 29. Bxd5 d3 30. Nc3 d2 31. Bf3 Bc5+ 32.
Kg2 Bd4 33. Qe7 Bxc3 34. bxc3 Rf8 35. h6 gxh6 36. Qf6# 1-0

[Event "*** Titled Tuesday Blitz"]
[Site "Chess.com"]
[Date "2020.04.14"]
[Round "1"]
[White "Imre91"]
[Black "Siemba"]
[Result "1/2-1/2"]
[WhiteElo "2589"]
[BlackElo "2233"]
[TimeControl "180+1"]
[EndTime "10:07:14 PDT"]
[Termination "Game drawn by repetition"]

1. e4 c5 2. Nf3 Nc6 3. Bb5 g6 4.
O-O Bg7 5. Re1 e5 6. Bxc6 bxc6 7.
d3 d6 8. a3 Ne7 9. b4 cxb4 10.
axb4 O-O 11. Nc3 Rb8 12. Rxa7 Rxb4 13. Bg5 Rb7 14. Qa1 h6 15. Rxb7 Bxb7 16. Rb1 Bc8 17. Be3 f5 18. Qa3 Kh7 19. Nd2 f4 20. Bb6 Qd7 21. f3 c5 22. Nd5 Nxd5 23. exd5 g5 24. h3 Qf7 25. c4 Bf5 26. Ne4 Bxe4 27. dxe4 h5 28. Qd3 Rb8 29. Ba5 Qa7 30. Rxb8 Qxb8 31. Qc2 Kg6 32. Kf2 g4 33. hxg4 hxg4 34. fxg4 Kg5 35.
Bc3 Qc8 36. Qd1 Qxg4 37. Qxg4+ Kxg4 38. Ba5 Bf6 39. Bc7 Be7 40. Bb8 Bh4+ 41. Kf1 Be7 42. Kf2 Bh4+ 43. Kg1 Be7 44. Kf2 1/2-1/2

[Event "*** Titled Tuesday Blitz"]
[Site "Chess.com"]
[Date "2020.04.14"]
[Round "1"]
[White "bait_or_mate"]
[Black "GreatOwl02"]
[Result "1-0"]
[WhiteElo "2591"]
[BlackElo "2217"]
[TimeControl "180+1"]
[EndTime "10:07:15 PDT"]
[Termination "bait_or_mate won by checkmate"]

1. d4 Nf6 2. c4 e6 3. Nf3 d5 4. g3 dxc4 5. Bg2 Nc6 6. O-O Rb8 7.
e3 b5 8. Qe2 Be7 9. Rd1 O-O 10.
Ne5 Nxe5 11. dxe5 Nd7 12. a4 a6 13. Bc6 Rb6 14. Be4 Bb7 15. Nc3 Bxe4 16. Nxe4 Qc8 17. axb5 axb5 18. f4 Nc5 19. Nxc5 Bxc5 20. Kg2 Qb7+ 21. e4 h6 22. Bd2 Ra8 23. Rxa8+ Qxa8 24. Be1 Ra6 25. g4 Ra2 26. f5 exf5 27. gxf5 Qc6 28. Rd5 Ba3 29. Rd2 Bc5 30. Qg4 Kh7 31.
f6 g6 32. Rd7 Kg8 33. Rd8+ Kh7 34. Bc3 b4 35. Rd7 Kg8 36. Rd8+ Kh7 37. Qf4 bxc3 38. Rh8+ Kxh8 39. Qxh6+ Kg8 40. Qg7# 1-0

[Event "*** Titled Tuesday Blitz"]
[Site "Chess.com"]
[Date "2020.04.14"]
[Round "1"]
[White "GusKan67"]
[Black "Kiborg95"]
[Result "0-1"]
[WhiteElo "2415"]
[BlackElo "2787"]
[TimeControl "180+1"]
[EndTime "10:07:17 PDT"]
[Termination "Kiborg95 won on time"]

1. d4 d6 2. Nf3 g6 3. c4 Bg7 4.
Nc3 Nd7 5. e4 e5 6. d5 a5 7. Bg5 f6 8. Be3 Nh6 9. h4 O-O 10. h5 g5 11. Nd2 f5 12. exf5 Nxf5 13. Nde4 h6 14. Be2 b6 15. Bg4 Nc5 16. Nxc5 bxc5 17.
Ne4 a4 18. Be2 Nd4 19. Bd3 Bf5 20. Ng3 Bd7 21. Qd2 Qe7 22. O-O-O Rab8 23. Bxd4 cxd4 24.
Be4 Rb6 25. Kc2 Rfb8 26. Rb1 Qf8 27. f3 Qc8 28. Qd3 Rb4 29. Kd2 Rxb2+ 30. Rxb2 Rxb2+ 31. Kc1 Rxa2 32. Kb1 Rxg2 33. Ka1 Rxg3 34. Bh7+ Kh8 35. Bg6 Rg2 36. Bf7 Bf5 0-1

[Event "*** Titled Tuesday Blitz"]
[Site "Chess.com"]
[Date "2020.04.14"]
[Round "1"]
[White "awesomevishesh"]
[Black "yawnpawn"]
[Result "1-0"]
[WhiteElo "2513"]
[BlackElo "1747"]
[TimeControl "180+1"]
[EndTime "10:07:17 PDT"]
[Termination "awesomevishesh won on time"]

1. d4 Nf6 2. c4 g6 3. Nc3 Bg7 4. Nf3 O-O 5. g3 d6 6. Bg2 Nbd7 7. O-O e5 8. e4 a6 9. Qc2 exd4 10. Nxd4 Ne5 11. b3 Bd7 12. a4 Nc6 13. Nxc6 Bxc6 14.
Rb1 Re8 15. h3 Rb8 16. Bf4 Nd7 17. Rfe1 Ne5 18. Rbd1 b5 19. cxb5 axb5 20. axb5 Bxb5 21. Nd5 c6 22. Nc3 Qc7 23. Be3 Ba6 24. f4 Nd7 25.
Rc1 Nc5 26. Bxc5 dxc5 27. e5 Qb6 28. Na4 Qxb3 29. Qxb3 Rxb3 30. Nxc5 Rb6 31. Nd7 1-0

[Event "*** Titled Tuesday Blitz"]
[Site "Chess.com"]
[Date "2020.04.14"]
[Round "1"]
[White "Mfcyryd"]
[Black "sergiochess83"]
[Result "1-0"]
[WhiteElo "2459"]
[BlackElo "2811"]
[TimeControl "180+1"]
[EndTime "10:07:18 PDT"]
[Termination "Mfcyryd won on time"]

1. e4 c5 2. Nf3 d6 3. d4 cxd4 4. Nxd4 Nf6 5. Nc3 a6 6. Be2 e6 7. a4 Qc7 8. O-O Be7 9. a5 O-O 10. Kh1 Nc6 11. Nb3 Nd7 12. Be3 Nc5 13. Na4 Nxe4 14. Nb6 Rb8 15. f4 Bf6 16. c3 d5 17.
Bd3 Rd8 18. g4 g6 19. Qc2 Bd7 20. f5 Bg7 21. Rae1 Ne5 22. Bf4 Bc6 23. Kg1 g5 24. Bxe5 Bxe5 25. Nd4 Bxd4+ 26. cxd4 Qd6 27. Qe2 e5 28.
Qe3 exd4 29. Qxd4 Qc5 30. Rxe4 Qxa5 31. Re5 Re8 32. b4 Qa3 33. f6 1-0

[Event "*** Titled Tuesday Blitz"]
[Site "Chess.com"]
[Date "2020.04.14"]
[Round "1"]
[White "smshk35"]
[Black "FelixJoseYnojosa"]
[Result "0-1"]
[WhiteElo "2284"]
[BlackElo "2629"]
[TimeControl "180+1"]
[EndTime "10:07:18 PDT"]
[Termination "FelixJoseYnojosa won by checkmate"]

1. e4 c5 2. Nf3 Nc6 3. d4 cxd4 4. Nxd4 e5 5. Nb5 d6 6. N1c3 a6 7. Na3 b5 8. Nd5 Nf6 9. Bg5 Be7 10. Bxf6 Bxf6 11.
c3 Bg5 12. Nc2 Rb8 13. g3 O-O 14. h4 Bh6 15. Bg2 Be6 16. Nce3 Bxe3 17. Nxe3 b4 18.
O-O bxc3 19. bxc3 Qc7 20. Qa4 Na5 21. Rfd1 Qc5 22. Nd5 Rb2 23. Ne3 Nc4 24. Rdb1 Rxb1+ 25. Rxb1 Nxe3 26. fxe3 Qxe3+ 27. Kh2 Qxc3 28. Qxa6 Qd2 29. Rb6 Qxa2 30. Qxa2 Bxa2 31. Rxd6 Be6 32. Bh3 Bxh3 33.
Kxh3 h5 34. g4 hxg4+ 35. Kxg4 Kh7 36. Kf5 f6 37. Rd7 Ra8 38. Ke6 Ra1 39. Kf7 Rg1 40.
Kf8 Kh6 41. Kg8 Rg4 42. Rf7 Rxh4 43. Rxg7 Rxe4 44. Kf7 Rf4 45. Rg1 Kh5 46. Ke6 e4 47. Kd5 Rg4 48. Rf1 Kg5 49. Kd4 f5 50. Ke3 Rg3+ 51.
Ke2 f4 52. Ra1 Rg2+ 53. Kf1 f3 54. Ra4 Kf4 55. Ra3 Rb2 56. Ra1 e3 57. Kg1 Kg3 58. Kh1 Rh2+ 59. Kg1 f2+ 60. Kf1 Rh1+ 61. Ke2 Rxa1 62.
Kd3 f1=Q+ 63. Kd4 Qf4+ 64. Kd5 Rd1+ 65. Kc6 Qc4+ 66. Kb7 Rb1+ 67. Ka7 Qa2# 0-1

[Event "*** Titled Tuesday Blitz"]
[Site "Chess.com"]
[Date "2020.04.14"]
[Round "1"]
[White "Msb2"]
[Black "GMMatamoros"]
[Result "1-0"]
[WhiteElo "2916"]
[BlackElo "2485"]
[TimeControl "180+1"]
[EndTime "10:07:19 PDT"]
[Termination "Msb2 won by checkmate"]

1. d4 Nf6 2. Nf3 g6 3. Nc3 d5 4.
Bf4 Bg7 5. Nb5 Na6 6. e3 O-O 7. h3 Ne4 8. Nd2 Nd6 9. a4 Nb8 10. Be2 Nd7 11. Nf3 Nf6 12. Be5 c6 13. Nc3 Bh6 14.
O-O Nd7 15. Bh2 Re8 16. Ne5 Nxe5 17. dxe5 Nf5 18. a5 Be6 19. b4 d4 20. exd4 Qxd4 21.
Qxd4 Nxd4 22. Bd3 Bf5 23. Ne4 Bxe4 24. Bxe4 a6 25. Bd3 Rad8 26. Rfd1 Rd7 27. Rab1 Red8 28. Kf1 Ne6 29. g3 c5 30. c3 Rxd3 31. Rxd3 Rxd3 32. b5 Rxc3 33. bxa6 bxa6 34. Rb6 Rc1+ 35. Kg2 c4 36. Rxa6 c3 37. Rc6 Bd2 38. f4 Ra1 39. a6 Nd4 40.
Rc8+ Kg7 41. Bg1 c2 42. Bxd4 c1=Q 43. e6+ f6 44. Rxc1 Rxc1 45. a7 Rc2 46. a8=Q Be3+ 47. Kf3 Bxd4 48. Qe8 Bc5 49. Qf7+ Kh6 50. Qf8+ Kh5 51.
g4+ Kh4 52. Qh6# 1-0

[Event "*** Titled Tuesday Blitz"]
[Site "Chess.com"]
[Date "2020.04.14"]
[Round "1"]
[White "krasavetc"]
[Black "igorkovalenko"]
[Result "1-0"]
[WhiteElo "2504"]
[BlackElo "2895"]
[TimeControl "180+1"]
[EndTime "10:07:19 PDT"]
[Termination "krasavetc won by resignation"]

1. e4 c5 2. Nc3 Nc6 3. Nf3 g6 4.
Bc4 Bg7 5. O-O d6 6. d3 e6 7. h3 Nge7 8. Bg5 h6 9. Bh4 O-O 10. Bb3 a6 11. a4 b6 12. Rb1 Kh7 13. Ne2 Qc7 14. Bg3 b5 15. c3 Bb7 16. Bc2 e5 17. Nh4 d5 18. exd5 Nxd5 19. d4 cxd4 20. cxd4 Rad8 21. axb5 axb5 22. Nf3 Qe7 23. Re1 e4 24.
Nc3 f5 25. Nxb5 Ncb4 26. Ne5 Nxc2 27. Qxc2 Nb4 28. Qa4 f4 29. Bh2 e3 30. fxe3 f3 31.
Nxf3 Bxf3 32. gxf3 Rxf3 33. Nd6 Rxd6 34. Qxb4 Qg5+ 35.
Kh1 Re6 36. Qd2 Rxh3 37. Qg2 Qh5 38. Rf1 Re4 39. Rf7 g5 40. Qxe4+ Kg8 41. Qe8+ Kh7 42. Rxg7+ Kxg7 43. Qxh5 Rxh5 1-0

[Event "*** Titled Tuesday Blitz"]
[Site "Chess.com"]
[Date "2020.04.14"]
[Round "1"]
[White "RaphCamora"]
[Black "Fins0905"]
[Result "1-0"]
[WhiteElo "2411"]
[BlackElo "2720"]
[TimeControl "180+1"]
[EndTime "10:07:19 PDT"]
[Termination "RaphCamora won by checkmate"]

1. e4 d5 2. exd5 Qxd5 3. Nc3 Qd8 4. d4 Nf6 5. Nf3 Bg4 6. h3 Bxf3 7. Qxf3 c6 8. Be3 e6 9. Bd3 Nbd7 10. O-O Bd6 11. Rad1 O-O 12. Rfe1 Qc7 13. Ne4 Nxe4 14. Qxe4 g6 15.
Qh4 Rfe8 16. Bg5 Bf8 17. Bf4 Qb6 18. Bc1 Bg7 19. c3 a5 20. Qg3 Rad8 21. h4 c5 22. Bg5 Rc8 23. dxc5 Nxc5 24. Re2 Nxd3 25. Rxd3 Qb5 26.
Red2 Qf5 27. Rd7 b5 28. Qd3 Qxd3 29. R2xd3 b4 30. cxb4 axb4 31. Rb7 Be5 32. Rxb4 Rc2 33. g3 Bxb2 34. Rb7 Bg7 35. Rdd7 Rf8 36. Be7 Ra8 37.
a3 Be5 38. Bb4 f5 39. Rxh7 Bd4 40. Rhd7 Bxf2+ 41. Kf1 Bxg3 42. Rg7+ Kh8 43. Rh7+ Kg8 44. Rbg7# 1-0

[Event "*** Titled Tuesday Blitz"]
[Site "Chess.com"]
[Date "2020.04.14"]
[Round "1"]
[White "swayamsm"]
[Black "talaicito"]
[Result "1-0"]
[WhiteElo "2665"]
[BlackElo "2320"]
[TimeControl "180+1"]
[EndTime "10:07:19 PDT"]
[Termination "swayamsm won on time"]

1. d4 e6 2. Nf3 f5 3. g3 Nf6 4.
Bg2 Be7 5. O-O O-O 6. c4 d6 7. Nc3 Ne4 8. Nxe4 fxe4 9. Nd2 d5 10. e3 Nc6 11. f3 exf3 12. Nxf3 Bd7 13. Qe2 Be8 14.
Bd2 Bg6 15. Rac1 Qd7 16. cxd5 exd5 17. Bc3 Qe6 18. Ne5 Nxe5 19. dxe5 c6 20. h4 Bf5 21.
Rf4 g5 22. hxg5 Bxg5 23. Rf2 Bg4 24. Qd2 Rxf2 25. Qxf2 Rf8 26. Qd2 Qh6 27. Re1 Bh3 28. Bd4 Qh5 29. e6 Bxe6 30. Bxa7 Qg4 31. Kh2 Qh5+ 32.
Kg1 Qg4 33. Bc5 Rf7 34. Kh2 Qh5+ 35. Kg1 Qg4 36. Bd6 Bh6 37. Bf4 Bg7 38. Qf2 h5 39. Bf3 Qg6 40. Qh2 Bg4 41. Qg2 Bf6 42. b3 Bc3 43. Re2 d4 44. exd4 Bxd4+ 45. Kh2 1-0

[Event "*** Titled Tuesday Blitz"]
[Site "Chess.com"]
[Date "2020.04.14"]
[Round "1"]
[White "googlegoom"]
[Black "Micki-taryan"]
[Result "0-1"]
[WhiteElo "2508"]
[BlackElo "3112"]
[TimeControl "180+1"]
[EndTime "10:07:20 PDT"]
[Termination "Micki-taryan won by resignation"]

1. Nf3 Nf6 2. b3 d5 3. Bb2 c6 4. e3 g6 5. Be2 Bg7 6. O-O O-O 7.
d4 Bg4 8. Nbd2 Nbd7 9. c4 e6 10. a3 a6 11. b4 b5 12. c5 Qc7 13. h3 Bxf3 14. Bxf3 Rfb8 15. e4 dxe4 16. Nxe4 Nxe4 17. Bxe4 Nf6 18. Bf3 Nd5 19. Bxd5 exd5 20. Qd2 a5 21.
Bc3 axb4 22. axb4 h5 23. Rxa8 Rxa8 24. Ra1 Rxa1+ 25. Bxa1 Kh7 26. Bc3 Qe7 27. Qe3 Qf6 28. Qf3 Qxf3 29. gxf3 g5 30. Kf1 Kg6 31. Ke2 Kf5 32.
Bb2 Bf6 33. Bc3 Bd8 34. Bb2 Bc7 35. Bc3 Bf4 36. Bb2 f6 37. Ba3 Kg6 38. Bb2 f5 39. Ba3 Bc7 40. Bb2 Bd8 41. Bc3 Bf6 42. Bb2 Bd8 43.
Bc3 Bc7 44. Bb2 Bf4 45. Ba3 g4 46. fxg4 fxg4 47. hxg4 h4 48. f3 h3 49. Kf2 Kg5 50. Bb2 Kh4 51. Bc3 h2 52. Kg2 h1=Q+ 53. Kxh1 Kg3 54. Kg1 Kxf3 55. Kf1 Be3 56. Ke1 Ke4 57. Bd2 Bxd2+ 58. Kxd2 Kxd4 0-1

[Event "*** Titled Tuesday Blitz"]
[Site "Chess.com"]
[Date "2020.04.14"]
[Round "1"]
[White "Guenplen"]
[Black "arminmusovic"]
[Result "1-0"]
[WhiteElo "2946"]
[BlackElo "2497"]
[TimeControl "180+1"]
[EndTime "10:07:20 PDT"]
[Termination "Guenplen won by checkmate"]

1. Nf3 a6 2. e4 e6 3. d4 d5 4.
Nbd2 c5 5. dxc5 Bxc5 6. Bd3 Nc6 7. O-O Nge7 8. a3 O-O 9. b4 Ba7 10. c4 Ng6 11. exd5 exd5 12. c5 Bg4 13. h3 Nf4 14.
hxg4 Nxd3 15. Nb3 Nxc1 16. Rxc1 Rc8 17. Qd3 Qd7 18. Qf5 Qe6 19. Nbd4 Qe4 20. Rfe1 Nxd4 21. Qxe4 dxe4 22. Nxd4 Rfe8 23. Nf5 Bb8 24. Rcd1 g6 25.
Ne3 Rcd8 26. Kf1 Kg7 27. Ke2 Bf4 28. g3 Bc7 29. Nc4 f5 30. gxf5 gxf5 31. Ne3 f4 32. gxf4 Bxf4 33. Rg1+ Kh8 34. Nd5 Bh6 35. Nf6 Rxd1 36. Rxd1 Rf8 37. Nxe4 Bf4 38. Rd7 h5 39. Rd5 Re8 40. Rxh5+ Kg7 41. f3 Bc1 42. a4 Ba3 43. b5 axb5 44. axb5 Kg6 45. Rd5 Rc8 46. Kd3 Ra8 47. Rd6+ Kf5 48. Rf6+ Ke5 49. f4+ Kd5 50. Rd6# 1-0

[Event "*** Titled Tuesday Blitz"]
[Site "Chess.com"]
[Date "2020.04.14"]
[Round "1"]
[White "2165149677570"]
[Black "shyam"]
[Result "1/2-1/2"]
[WhiteElo "2305"]
[BlackElo "2630"]
[TimeControl "180+1"]
[EndTime "10:07:20 PDT"]
[Termination "Game drawn by repetition"]

1. e4 c5 2. Nf3 Nc6 3. Bb5 Nf6 4. e5 Ng4 5. Qe2 g6 6. h3 Nh6 7. O-O Bg7 8. d3 O-O 9. Nc3 Nf5 10. Bxc6 dxc6 11. Bf4 b6 12. a4 a5 13. Qe4 Bb7 14.
Ne2 Qd5 15. g4 Qxe4 16. dxe4 Ba6 17. Rfe1 Bxe2 18. Rxe2 Nd4 19. Nxd4 cxd4 20. Rd2 c5 21. c3 dxc3 22. bxc3 Rfd8 23. Rad1 Rxd2 24. Rxd2 Kf8 25. Rb2 Ra6 26. c4 Ke8 27. Bg3 Kd7 28. f4 Kc6 29.
Kf2 Ra8 30. Ke3 e6 31. Rd2 Bf8 32. f5 Be7 33. h4 Rd8 34. Rxd8 Bxd8 35. Kf4 Kd7 36.
f6 Ke8 37. Kg5 Kf8 38. Kh6 Kg8 39. Bf2 Bc7 40. Bg3 Bb8 41. h5 Bc7 42. Bh2 Bd8 43. Bg3 Bc7 44. Bf4 Bb8 45. Bg3 Bc7 1/2-1/2

[Event "*** Titled Tuesday Blitz"]
[Site "Chess.com"]
[Date "2020.04.14"]
[Round "1"]
[White "josmito10"]
[Black "KingCrusher275"]
[Result "1-0"]
[WhiteElo "2758"]
[BlackElo "2398"]
[TimeControl "180+1"]
[EndTime "10:07:21 PDT"]
[Termination "josmito10 won by resignation"]

1. d4 d5 2. c4 e6 3. Nf3 Nf6 4. g3 Bb4+ 5. Bd2 Be7 6. Bg2 O-O 7. O-O c6 8. Qc2 Nbd7 9. Rd1 b6 10. Bf4 Bb7 11.
Nc3 Rc8 12. Ne5 Nh5 13. Bc1 Bd6 14. Nxd7 Qxd7 15. e4 dxe4 16. Nxe4 Be7 17. c5 Nf6 18. Ng5 h6 19. Nf3 Nd5 20. Bd2 Bf6 21. Rac1 Rfd8 22. h4 Qe7 23. h5 Ba6 24. Be1 Qb7 25. b3 Qe7 26. a3 Qb7 27. b4 Qe7 28. Qe4 Bb5 29. Ne5 Qb7 30. f4 Ba4 31. Rd3 Bxe5 32.
fxe5 Bb5 33. Rf3 Rd7 34. g4 Rcd8 35. Bh4 Rc8 36. g5 hxg5 37. Bxg5 Ne7 38. h6 gxh6 39. Bxe7 Rxe7 40. Rg3+ Kh8 41. Qf4 f5 42. Qxh6+ Rh7 43. Qf6+ Rg7 44. Rcc3 1-0

[Event "*** Titled Tuesday Blitz"]
[Site "Chess.com"]
[Date "2020.04.14"]
[Round "1"]
[White "Gulkov_Igor"]
[Black "BaMBoMaTTo"]
[Result "0-1"]
[WhiteElo "2367"]
[BlackElo "2716"]
[TimeControl "180+1"]
[EndTime "10:07:21 PDT"]
[Termination "BaMBoMaTTo won by resignation"]

1. Nf3 Nf6 2. c4 e6 3. Nc3 d5 4. d4 Bb4 5. Bg5 h6 6. Bxf6 Qxf6 7. e3 O-O 8. Rc1 dxc4 9. Bxc4 c5 10. O-O cxd4 11. Qxd4 Qxd4 12. Nxd4 Bd7 13. a3 Be7 14. Rfd1 Rd8 15. Ndb5 Nc6 16. Nd6 Rab8 17. Be2 Kf8 18. Nce4 Bxd6 19. Nxd6 Ke7 20. Ne4 Ne5 21. f4 Bc6 22.
Nc5 Rxd1+ 23. Rxd1 Nd7 24. Nxd7 Bxd7 25. Rc1 Bc6 26.
Kf2 a5 27. g3 Kd6 28. Bd3 f5 29. Ke2 g5 30. Rd1 Kc5 31. Rc1+ Kd6 32. Rd1 Ke7 33.
Rc1 Kf6 34. Rc5 Ra8 35. Bc4 Ke7 36. Re5 Bd7 37. Re4 fxe4 0-1